 Dungeon Crawl Stone Soup version 0.24-a0-165-g1b465fe (webtiles) character file.

Game seed: 31797445664124721

148 MatthieuS the Shield-Bearer (level 5, 0/36 HPs)
             Began as a Halfling Wanderer on Mar 5, 2019.
             Was a Follower of Nemelex Xobeh.
             Killed by nerve-wracking pain
             ... invoked by Grinder
              (12 damage)
             ... on level 4 of the Dungeon on Mar 6, 2019.
             The game lasted 00:06:59 (3744 turns).

MatthieuS the Shield-Bearer (Halfling Wanderer)     Turns: 3744, Time: 00:06:59

Health: 0/36       AC:  6    Str: 14    XL:     5   Next: 56%
Magic:  5/5        EV: 11    Int:  9    God:    Nemelex Xobeh [*.....]
Gold:   159        SH:  5    Dex: 15    Spells: 4/4 levels left

rFire    + . .     SeeInvis .   n - -3 whip (curse)
rCold    . . .     Gourm    .   c - +0 buckler
rNeg     . . .     Faith    .   r - +0 ring mail
rPois    .         Spirit   .   h - +0 helmet
rElec    .         Reflect  .   (no cloak)
rCorr    .         Harm     .   (no gloves)
MR       .....     Rnd*Tele +   (no boots)
Stlth    +.........             (no amulet)
HPRegen  0.12/turn              m - ring of teleportation (curse)
MPRegen  0.09/turn              g - ring of protection from fire

@: hasted, heavily drained, very quick
A: small, mutation resistance 1
a: Draw Escape, Draw Destruction, Draw Summoning, Renounce Religion


You were on level 4 of the Dungeon.
You worshipped Nemelex Xobeh.
Nemelex Xobeh was aware of your devotion.
You were hungry.

You visited 1 branch of the dungeon, and saw 4 of its levels.

You collected 159 gold pieces.

Inventory:

Hand Weapons
 a - a +2 spear
 i - a +0 mace
   (You found it on level 3 of the Dungeon)
 n - a cursed -3 whip (weapon)
   (You found it on level 2 of the Dungeon)
 o - a +3 trident of piercing
   (You found it on level 2 of the Dungeon)
Armour
 c - a +0 buckler (worn)
 h - a +0 helmet (worn)
   (You found it on level 1 of the Dungeon)
 r - a +0 ring mail (worn)
   (You found it on level 3 of the Dungeon)
Jewellery
 g - a ring of protection from fire (right hand)
   (You found it on level 2 of the Dungeon)
 k - an uncursed ring of flight
   (You found it on level 1 of the Dungeon)
 m - a cursed ring of teleportation (left hand)
   (You found it on level 3 of the Dungeon)
Wands
 v - a wand of digging (7)
   (You found it on level 2 of the Dungeon)
Scrolls
 p - 2 scrolls of fog
Potions
 l - a potion of haste {@q3}
 q - a potion of flight {unknown}
Comestibles
 e - 6 rations


   Skills:
 + Level 3.6(2.1) Fighting
 - Level 1.7(0.3) Polearms
 - Level 2.1(0.7) Armour
 - Level 1.1(0.0) Dodging
 - Level 2.1(0.7) Stealth
 + Level 3.9(2.4) Shields


You had 4 spell levels left.
You didn't know any spells.
Your spell library was empty.

Dungeon Overview and Level Annotations

Branches:
Dungeon (4/15)
 Temple: D:4-7

Altars:
Nemelex Xobeh

Annotations:
D:4 Grinder, Pikel


Innate Abilities, Weirdness & Mutations

You are small and have problems with some larger weapons.
You are somewhat resistant to further mutation.


Message History

You hit Grinder. You block Grinder's attack.
You hit Grinder. Grinder hits you. Grinder closely misses you.
You hit Grinder but do no damage.
Grinder blinks!
No target in view!
No target in view!
No target in view!
No target in view!
No target in view!
No target in view!
No target in view!
No target in view!
No target in view!
No target in view!
No target in view!
No target in view!
No target in view!
No target in view!
No target in view!
No target in view!
No target in view!
No target in view!
No target in view!
No target in view!
No target in view!
You hit Grinder but do no damage. Grinder gestures at you.
You resist with significant effort.
You barely miss Grinder. Grinder gestures at you.
Pain shoots through your body!
You closely miss Grinder. Grinder barely misses you.
You hit Grinder but do no damage. Grinder barely misses you.
You hit Grinder. You block Grinder's attack.
You closely miss Grinder. Grinder hits you!
* * * LOW HITPOINT WARNING * * *
You barely miss Grinder. You block Grinder's attack.
You barely miss Grinder. Grinder hits you.
* * * LOW HITPOINT WARNING * * *
You writhe in agony.
* * * LOW HITPOINT WARNING * * *
Grinder barely misses you.
You feel yourself speed up. You block Grinder's attack.
Unknown command.
Found a stone staircase leading down.
Pikel the Slaver comes into view.
He is wielding a +2 whip of freezing.
Found a purple potion.
Grinder gestures at you. Pain shoots through your body!
You die...
Your body disappears without a glow.

#.. #.# #.#.#
#>.K!.#.###.#.# #
......#.......# .##
#....K#.###.####.
.. #...........#...
...
#..#........#.##..#
##.#....5.......
..##...###.#.###.#
...........@.....#
.#.###.#####.##..#
#. #.# .# # ### .#
.# ##


You could see Pikel (wandering) and Grinder.

Vanquished Creatures
  Jessica (D:2)
  4 adders
  3 oozes
  A worm (D:3)
  2 dart slugs
  4 leopard geckos
  12 bats
  2 giant cockroaches
  6 goblins
  7 hobgoblins
  6 jackals
  3 frilled lizards
  5 kobolds
  6 rats
62 creatures vanquished.

Notes
Turn   | Place    | Note
-------+----------+-------------------------------------------
     0 | D:1      | MatthieuS the Halfling Wanderer began the quest for the
                  | Orb.
     0 | D:1      | MatthieuS set off with the following items: a +2 spear, a
                  | potion of lignification {!q}, a +0 buckler, a +0 robe, a
                  | ration, a +0 dagger
     0 | D:1      | Reached XP level 1. HP: 14/14 MP: 1/1
   314 | D:1      | Reached XP level 2. HP: 14/19 MP: 2/2
   628 | D:1      | Reached XP level 3. HP: 25/25 MP: 3/3
  1093 | D:1      | Upgraded the game from 0.24-a0-161-g3f7990a to
                  | 0.24-a0-165-g1b465fe
  1237 | D:2      | Noticed Jessica
  1249 | D:2      | Killed Jessica
  1249 | D:2      | Reached XP level 4. HP: 23/31 MP: 4/4
  1508 | D:2      | Reached XP level 5. HP: 22/36 MP: 5/5
  2576 | D:3      | Found a faded altar of an unknown god.
  2590 | D:3      | Became a worshipper of Nemelex Xobeh the Trickster
  2590 | D:3      | Received a gift from Nemelex Xobeh
  2590 | D:3      | Reached * piety under Nemelex Xobeh
  3532 | D:3      | Received a gift from Nemelex Xobeh
  3708 | D:4      | Noticed Grinder
  3740 | D:4      | Noticed Pikel
  3744 | D:4      | Killed from afar by Grinder

Levels and vault maps discovered:
D:1:      psy_arrival_fountain, layout_basic
D:2:      layout_rooms, uniq_jessica
D:3:      layout_basic, chequers_ecumenical_altar_simple_redux
D:4:      layout_basic, first_ration, portal_sewer_entry_e,
          kennysheep_generic_room_12, uniq_grinder, uniq_pikel

Skill      XL: |  1  2  3 |
---------------+----------+-----
Fighting       | 2 3 |  3.6
Shields        | 2 3 |  3.9
Polearms       | |  1.7
Armour         | |  2.1
Dodging        | |  1.1
Stealth        | |  2.1

Action                   |  1- 3 |  4- 6 || total
-------------------------+-------+-------++-------
Melee: Spear             |    99 |    23 ||   122
       Whip              |       |   322 ||   322
  Use: Potion            |       |     6 ||     6
       Scroll            |       |     4 ||     4
 Stab: Sleeping          |     6 |     3 ||     9
       Invisible         |       |     2 ||     2
  Eat: Chunk             |     1 |     8 ||     9
Armor: Robe              |    11 |    21 ||    32
       Skin              |       |    29 ||    29
       Leather armour    |       |    58 ||    58
       Ring mail         |       |    29 ||    29
Dodge: Dodged            |    40 |   218 ||   258
Block: Buckler           |    22 |   120 ||   142

Table legend:
 A = Non-vault XP
 B = Vault XP
 C = Vault XP percentage of total XP
 D = Non-vault monster count
 E = Vault monster count
 F = Vault count percentage of total count
                 A         B        C        D         E       F
            +---------+---------+-------+---------+---------+-------
      Total |     175 |      37 |  17.5 |      61 |       1 |   1.6
            +---------+---------+-------+---------+---------+-------
        D:1 |      47 |       0 |   0.0 |      23 |       0 |   0.0
        D:2 |      77 |      37 |  32.5 |      23 |       1 |   4.2
        D:3 |      47 |       0 |   0.0 |      13 |       0 |   0.0
        D:4 |       4 |       0 |   0.0 |       2 |       0 |   0.0
            +---------+---------+-------+---------+---------+-------
